 Dungeon Crawl Stone Soup version 0.19-a0-1201-gda63bca (webtiles) character file.

116 kosy22 the Ruffian (level 5, -3/44 HPs)
             Began as a Naga Transmuter on Aug 20, 2016.
             Slain by Malvoorn's ghost (5 damage)
             ... on level 3 of the Dungeon.
             The game lasted 00:09:20 (3008 turns).

kosy22 the Ruffian (Naga Transmuter)                Turns: 3008, Time: 00:09:21

Health: -3/44      AC:  2    Str: 13    XL:     5   Next: 0%
Magic:  4/8        EV: 10    Int: 13    God:
Gold:   90         SH:  0    Dex: 12    Spells: 3 memorised, 3 levels left

rFire  . . .     SeeInvis +       - Unarmed
rCold  . . .     Gourm    .     b - +0 robe
rNeg   . . .     Faith    .     (no shield)
rPois  +         Spirit   .     (no helmet)
rElec  .         Dismiss  .     (no cloak)
rCorr  .         Reflect  .     (no gloves)
MR     .....     Harm     .     (no barding)
Stlth  ++........               (no amulet)
                                (no ring)
                                (no ring)

@: appendage, very slow
A: horns 2, see invisible, deformed body, poison resistance, slowness 2, slow
metabolism 1, spit poison 2, AC +1
a: Spit Poison, End Transformation


You were on level 3 of the Dungeon.
You were not hungry.
You had grown temporary horns.
You visited 1 branch of the dungeon, and saw 3 of its levels.

You collected 90 gold pieces.

Inventory:

Hand Weapons
 r - a +0 short sword of venom
Missiles
 a - 66 arrows
 s - 4 tomahawks (quivered)
Armour
 b - a +0 robe (worn)
 t - a +0 robe of magic resistance
Jewellery
 h - an uncursed ring of protection from magic {unknown}
Scrolls
 g - a scroll of magic mapping {unknown}
 i - a scroll of enchant weapon
 k - a scroll of identify {unknown}
 m - a scroll of recharging
 n - a scroll of enchant armour {unknown}
 o - a scroll of random uselessness {unknown}
 p - a scroll of immolation {unknown}
Potions
 e - a potion of degeneration {unknown}
 j - a potion of heal wounds {unknown}
 q - a potion of lignification {unknown}
Books
 c - a book of Changes

   Spells                             Type                      Level
   a - Beastly Appendage              Transmutation                1
   b - Sticks to Snakes               Transmutation                2
   c - Spider Form                    Transmutation/Poison         3
   d - Ice Form                       Ice/Transmutation            4
   e - Blade Hands                    Transmutation                5
Comestibles
 d - a bread ration
 f - a meat ration
 u - 5 chunks of flesh


   Skills:
 + Level 1.5 Fighting
 + Level 2.5 Dodging
 + Level 1.6 Stealth
 + Level 3.8 Unarmed Combat
 + Level 2.5 Spellcasting
 + Level 2.4 Transmutations


You had 3 spell levels left.
You knew the following spells:

 Your Spells              Type           Power        Failure   Level  Hunger
a - Beastly Appendage     Tmut           #.....       10%         1    #......
b - Sticks to Snakes      Tmut           #.......     14%         2    ###....
c - Spider Form           Tmut/Pois      #.........   52%         3    ###....


Dungeon Overview and Level Annotations

Branches:
Dungeon (3/15)

Altars:

Annotations:
D:3 Malvoorn's ghost, amateur DsAK


Innate Abilities, Weirdness & Mutations

You cannot wear boots.
Your serpentine skin is tough. (AC +1)
You have supernaturally acute eyesight. (SInv)
Armour fits poorly on your strangely shaped body.
Your system is resistant to poisons. (rPois)
You cover ground very slowly.
You have a slow metabolism.
You can spit poison.
You have a pair of horns on your head.


Message History

Malvoorn's ghost keens inconsolably.
Malvoorn's ghost hits you.
* * * LOW HITPOINT WARNING * * *
Your ball python bites Malvoorn's ghost.
You hit Malvoorn's ghost but do no damage.
Malvoorn's ghost is severely damaged.
Malvoorn's ghost barely misses you.
Your ball python bites Malvoorn's ghost but does no damage.
Casting: Beastly Appendage
Confirm with . or Enter, or press ? or * to list all spells.
You grow a pair of large bovine horns.
Your ball python closely misses Malvoorn's ghost.
Malvoorn's ghost hits you.
* * * LOW HITPOINT WARNING * * *
Okay, then.
Okay, then.
Your ball python misses Malvoorn's ghost.
Your ball python bites Malvoorn's ghost but does no damage.
Malvoorn's ghost hits you.
You die...

#.# ######.## #. ##
##.......# #. ..
##.####..#####.####.##
##.####.........#....
......##..##.#......
##.##.##..# ...<.#
##...)....# #..##
#####.###.#####.@.# #
#.# #....)..W.# # #.#
#######S..# #.# #.))#
#.# #.......... #.#
#...#...... #S.
........###.
.......$.#
...........#


You could see Malvoorn's ghost and a friendly ball python.

Vanquished Creatures
  2 adders (D:2)
  2 oozes
  A dart slug (D:1)
  2 giant geckos
  2 orcs (D:3)
  2 giant cockroaches
  5 goblins
  8 hobgoblins
  A jackal (D:1)
  2 ball pythons
  7 bats
  2 giant newts
  7 kobolds
  A rat (D:2)
44 creatures vanquished.

Vanquished Creatures (collateral kills)
  An orc priest (D:3)
  An orc wizard (D:3)
  3 orcs (D:3)
  6 jackals (D:1)
11 creatures vanquished.

Grand Total: 55 creatures vanquished

Notes
Turn   | Place    | Note
-------+----------+-------------------------------------------
     0 | D:1      | kosy22 the Naga Transmuter began the quest for the Orb.
     0 | D:1      | Reached XP level 1. HP: 18/18 MP: 3/3
   401 | D:1      | Reached XP level 2. HP: 18/25 MP: 3/5
   405 | D:1      | Learned a level 2 spell: Sticks to Snakes
  1158 | D:2      | Reached XP level 3. HP: 20/31 MP: 6/6
  2215 | D:2      | Reached XP level 4. HP: 38/38 MP: 7/7
  2280 | D:2      | Reached skill level 1 in Stealth
  2825 | D:3      | Reached XP level 5. HP: 13/44 MP: 5/8
  2984 | D:3      | Noticed Malvoorn's ghost (amateur DsAK)
  2989 | D:3      | Learned a level 3 spell: Spider Form
  3007 | D:3      | HP: 2/44 [Malvoorn's ghost (3)]
  3008 | D:3      | Slain by Malvoorn's ghost

Vault maps used:
D:1:      co_arrival_random_square_maze, serial_park_tiny_2,
          hangedman_feature_mirror
D:2:      minivault_4, serial_bayou_lake_a
D:3:      ecumenical_altar_1, minmay_liquid_box, uniq_terence

Skill      XL: |  1  2  3  4 |
---------------+-------------+-----
Dodging        | 2 |  2.5
Stealth        | 1 |  1.6
Fighting       | |  1.5
Unarmed Combat | |  3.8
Spellcasting   | |  2.5
Transmutations | |  2.4

Action                   |  1- 3 |  4- 6 || total
-------------------------+-------+-------++-------
Melee: Unarmed           |   109 |    54 ||   163
       Headbutt          |    10 |     3 ||    13
       Punch             |     1 |       ||     1
Throw: Tomahawk          |       |     3 ||     3
 Cast: Beastly Appendage |    13 |     3 ||    16
       Sticks to Snakes  |     8 |     6 ||    14
  Use: Scroll            |     2 |       ||     2
       Potion            |       |     3 ||     3
  Eat: Chunk             |     2 |     1 ||     3
       Beef jerky        |     1 |       ||     1
       Pizza             |       |     1 ||     1
Armor: Robe              |    47 |    19 ||    66
Dodge: Dodged            |   108 |    45 ||   153
